 Dungeon Crawl Stone Soup version 0.22.1-1-ga44c0e5 (webtiles) character file.

14 inc the Scratcher (level 2, -4/14 HPs)
             Began as a Felid Fighter on Oct 27, 2018.
             Slain by a kobold
             ... wielding a +0 short sword
              (5 damage)
             ... on level 2 of the Dungeon.
             The game lasted 00:01:56 (967 turns).

inc the Scratcher (Felid Fighter)                    Turns: 967, Time: 00:01:57

Health: -4/14      AC:  1    Str: 12    XL:     2   Next: 31%
Magic:  3/3        EV: 18    Int:  9    God:
Gold:   41         SH:  0    Dex: 12    Spells: 1/1 levels left
                                        Lives:  0   Deaths: 0

rFire    . . .     SeeInvis +     - Unarmed
rCold    . . .     Gourm    .   (shield unavailable)
rNeg     . . .     Faith    .   (armour unavailable)
rPois    .         Spirit   .   (helmet unavailable)
rElec    .         Reflect  .   (cloak unavailable)
rCorr    .         Harm     .   (gloves unavailable)
MR       +....                  (boots unavailable)
Stlth    ++........             (no amulet)
HPRegen  0.04/turn              k - ring of protection from magic
MPRegen  0.08/turn              m - -3 ring of dexterity (curse)

@: quick
A: very small, no armour, no weapons or thrown items, stealth, claws 1, fangs 3,
see invisible, carnivore, speed 1, shaggy fur 1, slow metabolism 1, sharp paws
a: no special abilities


You were on level 2 of the Dungeon.
You were not hungry.

You visited 1 branch of the dungeon, and saw 2 of its levels.

You collected 41 gold pieces.

Inventory:

Jewellery
 k - a ring of protection from magic (left paw)
 m - a cursed -3 ring of dexterity (right paw)
Scrolls
 c - 2 scrolls of teleportation
Potions
 a - a potion of might
 e - a potion of resistance {unknown}
 f - 2 potions of heal wounds {unknown}
 g - a potion of cancellation {unknown}
 h - 2 potions of curing {unknown}
 i - a potion of lignification {unknown}
 l - a potion of brilliance {unknown}
Comestibles
 b - 3 rations


   Skills:
 - Level 3.0 Fighting
 - Level 4.0 Dodging
 + Level 4.6 Unarmed Combat


You had one spell level left.
You didn't know any spells.
Your spell library was empty.

Dungeon Overview and Level Annotations

Branches:
Dungeon (2/15)

Altars:


Innate Abilities, Weirdness & Mutations

You cannot wear armour.
You are incapable of wielding weapons or throwing items.
Your paws allow you to move quietly. (Stealth)
You have sharp claws.
You have razor-sharp teeth.
You have supernaturally acute eyesight. (SInv)
You are carnivorous and can eat meat at any time.
You cover ground quickly.
You are covered in fur. (AC +1)
You have a slow metabolism.
Your sharp claws are effective at attacking unaware monsters.


Message History

Put on which piece of jewellery? (? for menu, Esc to quit)
Okay, then.
You closely miss the hobgoblin. The hobgoblin barely misses you.
You closely miss the kobold. The hobgoblin barely misses you.
The kobold hits you with a short sword!
Ouch! That really hurt!
You barely miss the kobold. The hobgoblin misses you. The kobold misses you.
You closely miss the kobold.
The hobgoblin hits you but does no damage.
You closely miss the kobold. The kobold closely misses you.
The hobgoblin closely misses you.
You scratch the kobold.
The kobold is moderately wounded.
The kobold hits you with a short sword.
You barely miss the kobold.
The kobold is moderately wounded.
The hobgoblin hits you with a club.
* * * LOW HITPOINT WARNING * * *
The kobold hits you with a short sword.
You die...

,*,,≈≈≈,,*,,,,,,*
**,,,,,,,**
**,,,,,,,*****,,*
*,,,,,,,,,* *,,,,,,,*
*,,*****,,,,,,,,**
*********
*,,,,,,,,*,,,,,**
*,*****,,**,,,** ********
*,* *,,***,** *,,,,,,*
#,* *,,*#*** *,****,***
#.#####....*
***,****,,,**#.K@glS..#,*
,,,,,,,,,.....#####....?*
***,,***,..#*,* **,,...*
*,,* *,****** *,,_8_.*
*,,* *,****,****,,,,,,*
*,<* *,**⌠_,+,,,,,,,,,*
***,,* ****⌠_,+,,,,,,****
*,,,,* ***8*****,,*
*,**,* ******,,,,*


You could see an adder, a hobgoblin, a kobold and a frilled lizard.

Vanquished Creatures
  5 bats (D:1)
  A goblin (D:1)
  2 kobolds (D:1)
  2 ball pythons (D:1)
  A frilled lizard (D:1)
  4 rats (D:1)
15 creatures vanquished.

Notes
Turn   | Place    | Note
-------+----------+-------------------------------------------
     0 | D:1      | inc the Felid Fighter began the quest for the Orb.
     0 | D:1      | Reached XP level 1. HP: 10/10 MP: 2/2
   337 | D:1      | Reached XP level 2. HP: 7/14 MP: 3/3
   967 | D:2      | Slain by a kobold

Action                   || total
-------------------------++-------
Melee: Unarmed           ||    40
       Punch             ||     1
  Use: Scroll            ||     3
 Stab: Sleeping          ||     5
Armor: Skin              ||     2
Dodge: Dodged            ||    36
